 Dungeon Crawl Stone Soup version 0.30-a0-568-g124715a40b (webtiles) character file.

Game seed: 2005486678166638193

666 experimilk the Destroyer (level 7, 0/50 HPs)
             Began as a White Draconian Conjurer on Dec 28, 2022.
             Was a Follower of Vehumet.
             Shot with an arrow by a centaur (12 damage)
             ... on level 4 of the Dungeon.
             The game lasted 00:08:00 (4136 turns).

experimilk the Destroyer (White Draconian Conjurer) Turns: 4136, Time: 00:08:00

Health: 0/50       AC:  7    Str:  9    XL:     7   Next: 31%
Magic:  5/11       EV: 12    Int: 21    God:    Vehumet [*.....]
Gold:   164        SH:  0    Dex:  9    Spells: 8/12 levels left

rFire   . . .      SeeInvis .    h - +0 dagger (protect)
rCold   + . .      Faith    .    (no shield)
rNeg    . . .      Spirit   .    (body armour unavailable)
rPois   +          Reflect  .    (helmet restricted)
rElec   .          Harm     .    e - +0 cloak {rPois}
rCorr   .          Rampage  .    (no gloves)
Will    .....                    (no boots)
Stlth   ++                       (no amulet)
HPRegen 0.28/turn                i - +4 ring of slaying
MPRegen 0.12/turn                (no ring)

@: no status effects
A: breathe frost, AC +6, unfitting armour, cold resistance 1, cold-blooded
a: Breathe Frost, Renounce Religion


You were on level 4 of the Dungeon.
You worshipped Vehumet.
Vehumet was aware of your devotion.
You visited 1 branch of the dungeon, and saw 4 of its levels.
You also visited: Sewer.

You collected 164 gold pieces.

Inventory:

Hand Weapons
 h - a +0 dagger of protection (weapon)
Armour
 e - a +0 cloak of poison resistance (worn)
Jewellery
 i - a +4 ring of slaying (left hand)
 n - a ring of positive energy
Scrolls
 a - a scroll of enchant weapon {unknown}
 c - 2 scrolls of fear
 d - a scroll of magic mapping {unknown}
 f - a scroll of fog {unknown}
 k - 3 scrolls of identify
 l - a scroll of blinking {unknown}
 o - a scroll of teleportation {unknown}
 r - a scroll of torment {unknown}
 u - a scroll of noise {unknown}
Potions
 b - a potion of ambrosia {unknown}
 g - a potion of haste {unknown}
 j - a potion of flight {unknown}
 m - 2 potions of berserk rage {unknown}
 p - 3 potions of might
 q - a potion of heal wounds {unknown}
 s - 2 potions of curing {unknown}
 t - a potion of degeneration {unknown}
 v - a potion of attraction {unknown}
 w - a potion of mutation {unknown}


   Skills:
 - Level 1.7 Dodging
 - Level 1.7 Stealth
 - Level 3.0 Spellcasting
 * Level 8.7 Conjurations


You had 8 spell levels left.
You knew the following spells:

 Your Spells              Type           Power      Damage    Failure   Level
p - Magic Dart            Conj           100%       1d8       1%          1
v - Kiss of Death         Conj/Necr      84%        2d11      2%          1
z - Searing Ray           Conj           78%        2d7       1%          2

Your spell library contained the following spells:

 Spells                   Type           Power      Damage    Failure   Level
 Dazzling Flash           Conj/Hex       42%        N/A       7%          3
 Apportation              Tloc           6%         N/A       13%         1
 Sublimation of Blood     Necr           3%         N/A       21%         2
 Flame Wave               Conj/Fire      21%        2d8       22%         4
 Fulminant Prism          Conj/Hex       10%        3d8       22%         4
 Iskenderun's Mystic Bla  Conj/Tloc      21%        2d6       22%         4
 Sticky Flame             Conj/Fire      21%        2d4       22%         4
 Inner Flame              Hex/Fire       3%         N/A       36%         3
 Irradiate                Conj/Tmut      10%        3d15      52%         5
 Petrify                  Tmut/Erth      3%         N/A       78%         4
 Alistair's Intoxication  Tmut/Pois      2%         N/A       98%         5


Dungeon Overview and Level Annotations

Branches:
Dungeon (4/15)              Sewer (visited)
 Temple: D:4-7

Altars:
Vehumet
Xom

Annotations:
D:3 exclusion: statue


Innate Abilities, Weirdness & Mutations

You can breathe waves of freezing cold which knock back foes.
Your icy white scales are hard. (AC +6)
You cannot fit into any form of body armour.
Your flesh is cold resistant. (rC+)
You are cold-blooded and may be slowed by cold attacks.


Message History

k - 3 scrolls of identify (gained 1)
A centaur comes into view.
The centaur shouts!
The centaur wields a +0 shortbow.
The centaur shoots an arrow.
The arrow hits you.
The magic dart hits the centaur.
The centaur is lightly wounded.
The centaur shoots an arrow.
The arrow hits you.
The magic dart hits the centaur.
The centaur is moderately wounded.
The centaur shoots an arrow.
The arrow hits you!
A jelly comes into view.
The jelly quivers.
The centaur shoots an arrow.
The arrow hits you.
The centaur shoots an arrow.
The arrow hits you.
Casting: Magic Dart (safe; 1% risk of failure)
Confirm with . or Enter, or press ? or * to list all spells.
You can't see any susceptible monsters within range! (Use Z to cast anyway.)
The centaur shoots an arrow.
The arrow barely misses you.
Casting: Magic Dart (safe; 1% risk of failure)
Confirm with . or Enter, or press ? or * to list all spells.
You can't see any susceptible monsters within range! (Use Z to cast anyway.)
Casting: Magic Dart (safe; 1% risk of failure)
Confirm with . or Enter, or press ? or * to list all spells.
Aiming: Searing Ray (safe; 1% risk of failure)
Press: ? - help, Shift-Dir - straight line, f/p - centaur
Aim: a centaur, wielding a +0 shortbow (moderately wounded, 88% to hit)
The searing ray hits the centaur.
The centaur is heavily wounded. (Press . to maintain the ray.)
The centaur shoots an arrow.
The arrow barely misses you.
The centaur shoots an arrow.
The arrow completely misses you.
The searing ray hits the centaur.
The centaur is heavily wounded.
The centaur shoots an arrow.
The arrow hits you!
* * * LOW HITPOINT WARNING * * *
The searing ray hits the centaur.
The centaur is almost dead.
The centaur shoots an arrow.
The arrow hits you!
You die...

#.### #...# ...
##...### #...
#8....8# 8....
##.....## #.....
##.....###.J...#
##.....⌠...c.#
#8.........8#
###...@...#
##.....##
##...## 8...8#
##...## #...#
#...# 8...8


You could see a centaur and a jelly.

Vanquished Creatures
  Sigmund (D:2)
  Menkaure (D:4)
  2 bullfrogs (Sewer)
  Jessica (D:2)
  Natasha (twice) (D:2)
  6 adders (Sewer)
  3 river rats (Sewer)
  2 worms (D:2)
  2 orcs (D:3)
  4 bats
  11 endoplasms
  3 giant cockroaches
  5 goblins
  6 hobgoblins (D:1)
  6 jackals
  2 kobolds
  A quokka (D:4)
  22 ball pythons
  4 frilled lizards
  25 rats
109 creatures vanquished.

Notes
Turn   | Place    | Note
-------+----------+-------------------------------------------
     0 | D:1      | experimilk the Draconian Conjurer began the quest for the
                  | Orb.
     0 | D:1      | Reached XP level 1. HP: 14/14 MP: 3/3
   418 | D:1      | Reached XP level 2. HP: 17/20 MP: 0/5
   495 | D:1      | Learned a level 2 spell: Searing Ray
   843 | D:1      | Found a faded altar of an unknown god.
   919 | D:1      | Reached XP level 3. HP: 25/26 MP: 6/6
  1488 | D:2      | Found a shimmering altar of Xom.
  1519 | D:2      | Noticed Natasha
  1524 | D:2      | Killed Natasha
  1525 | D:2      | Reached skill level 5 in Conjurations
  1739 | D:2      | Reached XP level 4. HP: 33/33 MP: 1/8
  1850 | D:2      | Noticed Jessica
  1861 | D:2      | Killed Jessica
  2072 | D:2      | Noticed Natasha
  2077 | D:2      | Killed Natasha
  2177 | D:2      | Noticed Sigmund
  2187 | D:2      | Killed Sigmund
  2188 | D:2      | Reached skill level 7 in Conjurations
  2188 | D:2      | Reached XP level 5. HP: 17/38 MP: 5/9
  2188 | D:2      | Reached XP level 6. HP: 21/45 MP: 5/10
  2485 | D:3      | Found a radiant altar of Vehumet.
  2495 | D:3      | Became a worshipper of Vehumet
  2828 | D:3      | Found a glowing drain.
  2843 | Sewer    | Entered a sewer
  3233 | Sewer    | Reached * piety under Vehumet
  3233 | Sewer    | Offered knowledge of Kiss of Death by Vehumet.
  3628 | Sewer    | Reached skill level 8 in Conjurations
  3628 | Sewer    | Your scales start taking on an icy white colour.
  3628 | Sewer    | Reached XP level 7. HP: 30/50 MP: 2/11
  3628 | Sewer    | Gained mutation: Your flesh is cold resistant. (rC+) [White
                  | Draconian growth]
  3729 | Sewer    | Learned a level 1 spell: Kiss of Death
  4027 | D:4      | Noticed Menkaure
  4034 | D:4      | Killed Menkaure
  4136 | D:4      | Shot with an arrow by a centaur

Illustrated notes

Levels and vault maps discovered:
D:1:      dpeg_arrival_prison, layout_basic, ebering_ecumenical_altar_box,
          minmay_unequal
D:2:      layout_basic, basic_altar, uniq_jessica, uniq_sigmund, uniq_natasha
D:3:      layout_loops_cross, vehumet_statue, cheibrodos_sewer_entry_sluice
D:4:      layout_rooms, minmay_temple_entry_statues, serial_corexii_hall,
          chequers_hall_statues_y, corexii_hall_statues_l,
          corexii_hall_statues_l, chequers_hall_statues_y,
          minmay_misc_feat_room, kennysheep_nondescript, minmay_manual_mess,
          uniq_menkaure

Skill      XL: |  1  2  3  4  5  6 |
---------------+-------------------+-----
Conjurations   | 5 7 8 |  8.7
Spellcasting   | 3 |  3.0
Dodging        | |  1.7
Stealth        | |  1.7

Action                   |  1- 3 |  4- 6 |  7- 9 || total
-------------------------+-------+-------+-------++-------
Melee: Unarmed           |    11 |       |       ||    11
       Whip              |    27 |       |       ||    27
       Tailslap          |     5 |       |       ||     5
       Dagger            |       |     3 |     2 ||     5
 Cast: Magic Dart        |    48 |    54 |    11 ||   113
       Searing Ray       |     4 |    26 |     3 ||    33
 Abil: Breathe Frost     |       |       |     1 ||     1
  Use: Potion            |       |     3 |       ||     3
       Scroll            |       |     1 |     1 ||     2
Armor: Skin              |     8 |    31 |     1 ||    40
Dodge: Dodged            |    23 |    36 |     7 ||    66

Table legend: (Time is in decaauts)
 A = Elapsed time spent in this place.
 B = Non-inter-level travel time spent in this place.
 C = Inter-level travel time spent in this place.
 D = Time resting spent in this place.
 E = Time spent auto-exploring this place.
 F = Levels seen in this place.
 G = Mean time per level.
                   A        B        C        D        E       F      G
               +--------+--------+--------+--------+--------+-----+--------+
         Total |   4176 |   4136 |     40 |    334 |   3337 |   5 |  835.2 |
       Dungeon |   3253 |   3213 |     40 |    198 |   2679 |   4 |  813.2 |
         Sewer |    922 |    922 |      0 |    136 |    658 |   1 |  922.0 |
               +--------+--------+--------+--------+--------+-----+--------+

Top non-repeatable levels by time:
     D:1: 1362 daAuts
     D:2: 1016 daAuts
   Sewer: 922 daAuts
     D:3: 751 daAuts
     D:4: 122 daAuts
